[Event "Vetern-SM 50+ 2025"]
[Site "Uppsala, Sweden"]
[Date "2025.07.04"]
[Round "7.1"]
[White "Gamback, Bjorn"]
[Black "Eriksson, Kristian"]
[Result "1/2-1/2"]
[TimeControl "90 min for 40 move + 30 min with an increment of 30 sec starting move 1"]
[WhiteTitle "CM"]
[WhiteFideId "1703161"]
[BlackFideId "1705172"]
[WhiteElo "1996"]
[BlackElo "1998"]

1. Nf3 Nf6 2. c4 g6 3. b4 Bg7 4. Bb2 O-O 5. e3 b6 6. Be2 c5 7. a3 Nc6 8. b5 Na5 9. O-O d5 10.
cxd5 Nxd5 11. Bxg7 Kxg7 12. Qc2 Bb7 13. d3 Rc8 14. Nbd2 Qd7 15. Qb2+ Kg8 16. Rfd1 Qc7 17. Rac1 Qb8 18.
Ne5 Nf6 19. Ng4 1/2-1/2

[Event "Vetern-SM 50+ 2025"]
[Site "Uppsala, Sweden"]
[Date "2025.07.04"]
[Round "7.2"]
[White "Karlsson, Patrik"]
[Black "Vernersson, Per"]
[Result "0-1"]
[TimeControl "90 min for 40 move + 30 min with an increment of 30 sec starting move 1"]
[WhiteFideId "1710834"]
[BlackFideId "1700863"]
[WhiteElo "1923"]
[BlackElo "2258"]

1. e4 c6 2. d4 d5 3. e5 Bf5 4. h4 h5 5. c4 e6 6. Nc3 Nd7 7. Nge2 dxc4 8. Ng3 Bd3 9. Bxd3 cxd3 10.
Bg5 f6 11. Qxd3 Nxe5 12. Qe4 Nf7 13. Qxe6+ Qe7 14. Qxe7+ Nxe7 15. Bf4 O-O-O 16. O-O-O Nd5 17. Nxd5 Rxd5 18. Ne4 Bb4 19. a3 Ba5 20.
b4 Bb6 21. Nc5 Re8 22. Rhe1 Rxe1 23. Rxe1 Bxc5 24. dxc5 Kd7 25. Kc2 Nd8 26. Rd1 Rxd1 27. Kxd1 Ke6 28. Ke2 Kf5 29. Bg3 Ke4 30.
Kd2 Ne6 31. f3+ Kd4 32. Bf2+ Kc4 33. Kc2 f5 34. Be3 g6 35. g3 a5 36. bxa5 Nxc5 37. Bd2 Nb3 38. Bc3 Nd4+ 39. Bxd4 Kxd4 40.
Kb3 c5 41. Kc2 c4 42. Kd2 c3+ 43. Kc2 Kc4 44. f4 Kd4 45. a4 Kc4 0-1

[Event "Vetern-SM 50+ 2025"]
[Site "Uppsala, Sweden"]
[Date "2025.07.04"]
[Round "7.3"]
[White "Olsson, Pether"]
[Black "Bergfalk, Jonas"]
[Result "1/2-1/2"]
[TimeControl "90 min for 40 move + 30 min with an increment of 30 sec starting move 1"]
[WhiteFideId "1726820"]
[BlackFideId "1703986"]
[WhiteElo "2160"]
[BlackElo "2030"]

1. d4 Nf6 2. Bf4 e6 3. e3 c5 4.
c3 Nc6 5. Nd2 b6 6. Bd3 Bb7 7. Ngf3 Be7 8. h3 d6 9. Qe2 h6 10. O-O Qc7 11. e4 e5 12. Bh2 O-O 13. d5 Nb8 14.
c4 Nbd7 15. Ne1 Rfe8 16. Nc2 Bf8 17. Rae1 g6 18. g3 Bg7 19. f4 Re7 20. f5 Nf8 21. fxg6 fxg6 22. Ne3 Bc8 23. g4 N8h7 24.
Qg2 Bd7 25. Nf3 Rf8 26. Bg3 Be8 27. Kh2 Kh8 28. Bh4 Ref7 29. Bg3 Ng8 30. Be2 Bf6 31. h4 Bd8 32. h5 Rg7 33. hxg6 Bxg6 34.
Nh4 Bxh4 35. Bxh4 Rxf1 36. Rxf1 Ng5 37. Nf5 Bxf5 38. Rxf5 Qe7 39. Bxg5 Rxg5 40. Qf2 Rxf5 41. Qxf5 Qf6 42.
Kg3 Qxf5 43. gxf5 Nf6 44. Bf3 Kg7 45. Kh4 a6 46. a4 Ne8 47. Bd1 a5 48. Be2 Nc7 49. Bd3 Na6 50. Kh5 Nb8 1/2-1/2

[Event "Vetern-SM 50+ 2025"]
[Site "Uppsala, Sweden"]
[Date "2025.07.04"]
[Round "7.4"]
[White "Johansen, Peter"]
[Black "Helin, Mikael"]
[Result "1-0"]
[TimeControl "90 min for 40 move + 30 min with an increment of 30 sec starting move 1"]
[BlackTitle "CM"]
[WhiteFideId "1723944"]
[BlackFideId "1703838"]
[WhiteElo "2104"]
[BlackElo "1929"]

1. e4 d6 2. Nc3 Nf6 3. g3 e5 4. Bg2 c5 5. Nge2 g6 6. d3 h6 7. h3 Bg7 8. Be3 Nc6 9. Qd2 Nd4 10.
Nd5 Nxd5 11. exd5 b5 12. c3 Nf5 13. O-O g5 14. a4 b4 15. cxb4 cxb4 16. Qxb4 O-O 17. Qd2 a5 18. Nc3 Ne7 19.
d4 e4 20. Nxe4 f5 21. Nc3 f4 22. gxf4 gxf4 23. Bxf4 Nf5 24. Ne4 Ra6 25. Ra3 Qh4 26. Bg3 Qh5 27. Rd3 Rb6 28. Qxa5 Nxd4 29.
Qxb6 Ne2+ 30. Kh2 Nf4 31. Bxf4 Rxf4 32. Ng3 Qe8 33. Qxd6 Rf6 34. Qc5 Bd7 35. b3 h5 36. Qe3 Qf7 37.
Ne4 Rf4 38. Nc5 Bc8 39. d6 1-0

[Event "Vetern-SM 50+ 2025"]
[Site "Uppsala, Sweden"]
[Date "2025.07.04"]
[Round "7.5"]
[White "Persson, Lars"]
[Black "Gromark, Jonas"]
[Result "0-1"]
[TimeControl "90 min for 40 move + 30 min with an increment of 30 sec starting move 1"]
[WhiteFideId "1703579"]
[BlackFideId "137122733"]
[WhiteElo "2041"]
[BlackElo "1822"]

1. d4 Nf6 2. Bg5 c5 3. Bxf6 gxf6 4. d5 Qb6 5. Qc1 f5 6. Nc3 Bg7 7. e3 O-O 8. a4 Qb4 9. Nge2 d6 10.
Ra3 Nd7 11. Rb3 Qa5 12. Rb5 Qc7 13. Nf4 a6 14. Rb3 Ne5 15. Nh5 Bd7 16. Be2 c4 17. Ra3 b5 18. axb5 axb5 19. Rxa8 Rxa8 20.
e4 b4 21. Qg5 Ng6 22. Nd1 fxe4 23. Nxg7 Kxg7 24. h4 h6 25. Qg3 Kh7 26. h5 Ne5 27. Qh4 e6 28. dxe6 Bc6 29. Qf6 fxe6 30.
Qxe6 Qd7 31. Qxd7+ Bxd7 32. Rh4 d5 33. Ne3 Be6 34. Rf4 Kg7 35.
Nf5+ Bxf5 36. Rxf5 Re8 37. Kd2 d4 38. Rf4 c3+ 39. bxc3 bxc3+ 40. Kc1 d3 41. Bd1 Rb8 42. Rxe4 d2# 0-1

[Event "Vetern-SM 50+ 2025"]
[Site "Uppsala, Sweden"]
[Date "2025.07.04"]
[Round "7.6"]
[White "Ivarsson, Anders"]
[Black "Svensson, Hakan"]
[Result "1-0"]
[TimeControl "90 min for 40 move + 30 min with an increment of 30 sec starting move 1"]
[WhiteFideId "1768158"]
[BlackFideId "1714201"]
[WhiteElo "1987"]
[BlackElo "2004"]

1. Nf3 Nf6 2. c4 e6 3. d4 c5 4.
Nc3 d5 5. cxd5 exd5 6. Bg5 Be6 7. e3 c4 8. Be2 Be7 9. O-O Nc6 10. b3 Qa5 11. Bxf6 gxf6 12. Na4 b5 13. Nc5 Bxc5 14.
dxc5 O-O-O 15. Nd4 Ne7 16. a3 Rhg8 17. b4 Qa6 18. f4 Nf5 19. Qd2 Nxd4 20. Qxd4 Bf5 21. Bf3 Bd3 22. Rf2 f5 23.
a4 Be4 24. axb5 Qxb5 25. c6 Qxc6 26.
Ra5 Qb6 27. Rc5+ Kb7 28. Bxe4 fxe4 29.
Ra2 a6 30. Kf2 Qg6 31. Ke1 Qb6 32. Rb2 Rg6 33. g3 h5 34. Qe5 Qf6 35. Qc7+ Ka8 36. Ra2 Qc3+ 37. Kf2 Rb8 38. Rc6 Rxc6 39.
Qxc6+ Rb7 40. Rxa6+ Kb8 41. Qe8+ 1-0

[Event "Vetern-SM 50+ 2025"]
[Site "Uppsala, Sweden"]
[Date "2025.07.04"]
[Round "7.7"]
[White "Uneson, Marcus"]
[Black "Tobiasson, Bjorn"]
[Result "1-0"]
[TimeControl "90 min for 40 move + 30 min with an increment of 30 sec starting move 1"]
[WhiteFideId "1730509"]
[BlackFideId "1773682"]
[WhiteElo "2118"]
[BlackElo "1884"]

1. d4 Nf6 2. Bg5 d5 3. Bxf6 exf6 4. e3 Bd6 5. c4 c6 6. cxd5 cxd5 7. Nc3 Be6 8. g3 Qb6 9. Qd2 Nc6 10.
Bg2 Ne7 11. Nge2 O-O 12. O-O Rfd8 13. Nf4 Bb4 14. Nd3 Bxc3 15. Qxc3 Rac8 16. Qa3 Nc6 17. Rfc1 h6 18. Rc5 Rd6 19.
Rac1 Qd8 20. R5c3 g5 21. b4 a6 22. Nc5 Qe7 23. Bf1 Na7 24. Qb3 Nb5 25. Bxb5 axb5 26. Nxe6 Rxc3 27. Rxc3 fxe6 28.
Qc2 Rc6 29. Rxc6 bxc6 30. Qxc6 Qxb4 31. Qxe6+ Kg7 32. Qd7+ Kf8 33. Qxd5 Qb1+ 34. Kg2 f5 35. Qa8+ Kg7 36. Qb7+ Kf6 37.
a4 b4 38. a5 Qe4+ 39. Qxe4 fxe4 40. a6 b3 41. a7 b2 42. a8=Q b1=Q 43. Qf8+ Kg6 44. Qe8+ Kg7 45. Qe5+ Kg6 46. h3 h5 47. d5 g4 48. h4 Qd1 49. Qxe4+ Kg7 50. Qe5+ Kf8 51.
Qf4+ Kg7 52. d6 Qd5+ 53. e4 Qd1 54. Qg5+ Kf8 55. Qf5+ Ke8 56. Qxh5+ Kd7 57. Qf5+ Kxd6 58. Qd5+ 1-0

[Event "Vetern-SM 50+ 2025"]
[Site "Uppsala, Sweden"]
[Date "2025.07.04"]
[Round "7.8"]
[White "Hedin, Niclas"]
[Black "Styf, Josef"]
[Result "0-1"]
[TimeControl "90 min for 40 move + 30 min with an increment of 30 sec starting move 1"]
[WhiteFideId "1720708"]
[BlackFideId "1708279"]
[WhiteElo "1953"]
[BlackElo "2024"]

1. Nf3 Nf6 2. d4 e6 3. Bg5 c5 4. e3 Be7 5. c3 b6 6. Nbd2 O-O 7. Bd3 cxd4 8. exd4 Ba6 9. Bxa6 Nxa6 10.
Qe2 Nc7 11. O-O d6 12. a4 Nfd5 13. Bxe7 Qxe7 14. Ne4 h6 15. Nfd2 f5 16. Ng3 Qh4 17. Rfe1 Rae8 18. Qc4 Kh8 19.
Qc6 Qe7 20. Ne2 f4 21. Ne4 f3 22. N2g3 Nf4 23. Nxd6 Rd8 24. Nc4 fxg2 25. Ne5 Ncd5 26. c4 Nh3+ 27. Kxg2 Ndf4+ 28. Kf1 Rxd4 29.
Rad1 Qd8 30. Qf3 Ng5 31. Qg4 Kh7 32. Nh1 Nd3 33. Qh5 Nxe5 34. Ng3 0-1

[Event "Vetern-SM 50+ 2025"]
[Site "Uppsala, Sweden"]
[Date "2025.07.05"]
[Round "8.1"]
[White "Vernersson, Per"]
[Black "Gromark, Jonas"]
[Result "1-0"]
[TimeControl "90 min for 40 move + 30 min with an increment of 30 sec starting move 1"]
[WhiteFideId "1700863"]
[BlackFideId "137122733"]
[WhiteElo "2258"]
[BlackElo "1822"]

1. d4 Nf6 2. Nf3 c5 3. c4 cxd4 4. Nxd4 e6 5. Nc3 d5 6. e3 Be7 7. cxd5 exd5 8. Bb5+ Bd7 9. Qa4 O-O 10.
Bxd7 Nbxd7 11. O-O Nc5 12. Qd1 Nfe4 13. Nde2 Nxc3 14. Nxc3 d4 15. exd4 Ne6 16. d5 Nc7 17. Bf4 Bd6 18.
Bxd6 Qxd6 19. Qb3 Rfd8 20. Rfd1 Qe5 21. Re1 Qd6 22. Rad1 f5 23. Qxb7 Rab8 24. Qxa7 Rxb2 25. Qd4 Rb4 26. Qd3 g6 27. g3 Rb2 28.
Qd4 Rb4 29. Qe3 Re8 30. Qd2 Rd8 31. Rb1 Rxb1 32. Rxb1 Ne6 33. Qe3 Nc5 34. Qd4 Ne6 35. Qf6 Nc7 36. Qxd6 Rxd6 37. Rb8+ 1-0

[Event "Vetern-SM 50+ 2025"]
[Site "Uppsala, Sweden"]
[Date "2025.07.05"]
[Round "8.2"]
[White "Gamback, Bjorn"]
[Black "Johansen, Peter"]
[Result "1-0"]
[TimeControl "90 min for 40 move + 30 min with an increment of 30 sec starting move 1"]
[WhiteTitle "CM"]
[WhiteFideId "1703161"]
[BlackFideId "1723944"]
[WhiteElo "1996"]
[BlackElo "2104"]

1. Nf3 d5 2. d4 c6 3. c4 e6 4. Qc2 Bd6 5. Bg5 f6 6. Bh4 Qa5+ 7. Nbd2 Nh6 8. Bg3 Nf7 9. e3 Nd7 10.
cxd5 exd5 11. Bd3 Nf8 12. O-O Bxg3 13. hxg3 Nd6 14. e4 dxe4 15. Nxe4 Qd5 16. Rfe1 Be6 17. Nc3 Qh5 18. d5 cxd5 19.
Nb5 Nxb5 20. Bxb5+ Kd8 21. Qc5 Qf7 22. Qd6+ Bd7 23. Rac1 Rc8 24. Rxc8+ Kxc8 25. Rc1+ Kd8 26. Qc7+ Ke8 27.
Re1+ Ne6 28. Qc8+ 1-0

[Event "Vetern-SM 50+ 2025"]
[Site "Uppsala, Sweden"]
[Date "2025.07.05"]
[Round "8.3"]
[White "Ivarsson, Anders"]
[Black "Olsson, Pether"]
[Result "0-1"]
[TimeControl "90 min for 40 move + 30 min with an increment of 30 sec starting move 1"]
[WhiteFideId "1768158"]
[BlackFideId "1726820"]
[WhiteElo "1987"]
[BlackElo "2160"]

1. Nf3 Nf6 2. c4 b6 3. d4 e6 4.
Nc3 Bb4 5. e3 Bb7 6. Bd3 Ne4 7. Qc2 Bxc3+ 8. bxc3 f5 9. O-O O-O 10. Nd2 Nxd2 11. Qxd2 d6 12. a4 a5 13. f3 Nd7 14.
Ba3 Qe7 15. e4 fxe4 16. fxe4 e5 17. Qe2 Rxf1+ 18. Rxf1 Rf8 19. Rxf8+ Kxf8 20. Qf3+ Kg8 21. Bc1 h6 22. Qf5 Nf6 23.
d5 Qf8 24. h3 Bc8 25. Qg6 Qf7 26. Qxf7+ Kxf7 27. c5 dxc5 28. c4 Ne8 29. g4 g5 30. Kf2 Nd6 31. Ke3 Bd7 32. Bc2 Nxc4+ 33. Kd3 Nd6 34. Kc3 Kf6 35. Be3 Bc8 36. Bd3 Bb7 0-1

[Event "Vetern-SM 50+ 2025"]
[Site "Uppsala, Sweden"]
[Date "2025.07.05"]
[Round "8.4"]
[White "Bergfalk, Jonas"]
[Black "Eriksson, Kristian"]
[Result "1/2-1/2"]
[TimeControl "90 min for 40 move + 30 min with an increment of 30 sec starting move 1"]
[WhiteFideId "1703986"]
[BlackFideId "1705172"]
[WhiteElo "2030"]
[BlackElo "1998"]

1. c4 e5 2. Nc3 Bb4 3. Nd5 a5 4. g3 Nf6 5. Bg2 O-O 6. Nxb4 axb4 7. d4 e4 8. f3 d5 9. cxd5 Qxd5 10.
fxe4 Nxe4 11. Nf3 Rxa2 12. Rxa2 Qxa2 13. O-O Nd6 14. Ne5 f6 15. Nd3 Be6 16. Nxb4 Qc4 17. Nc2 Rd8 18. Na3 Qb4 19.
Qd2 Qb6 20. Qc3 Bf7 21. Bf4 Nc6 22. e3 Nb4 23. Qc5 Qxc5 24. dxc5 Nc4 25. Nxc4 Bxc4 26. Rc1 Ba6 27. Bxc7 Rd2 28.
Ba5 Rxb2 29. Bxb4 Rxb4 1/2-1/2

[Event "Vetern-SM 50+ 2025"]
[Site "Uppsala, Sweden"]
[Date "2025.07.05"]
[Round "8.5"]
[White "Ljung, Rickard"]
[Black "Uneson, Marcus"]
[Result "1/2-1/2"]
[TimeControl "90 min for 40 move + 30 min with an increment of 30 sec starting move 1"]
[WhiteFideId "1740156"]
[BlackFideId "1730509"]
[WhiteElo "1972"]
[BlackElo "2118"]

1. d4 c6 2. Nf3 Nf6 3. c3 d5 4. Bf4 e6 5. Nbd2 Bd6 6. Bg3 O-O 7. e3 c5 8. Bd3 b6 9. e4 Bxg3 10.
hxg3 dxe4 11. Nxe4 Nbd7 12. Ne5 h6 13. Nxd7 Bxd7 14. dxc5 Bc6 15. Qe2 Nxe4 16. Bxe4 Bxe4 17. Qxe4 bxc5 18.
O-O Qd2 19. Rab1 Rfd8 20. Qa4 Qd7 1/2-1/2

[Event "Vetern-SM 50+ 2025"]
[Site "Uppsala, Sweden"]
[Date "2025.07.05"]
[Round "8.6"]
[White "Brandberg, Joakim"]
[Black "Karlsson, Patrik"]
[Result "1/2-1/2"]
[TimeControl "90 min for 40 move + 30 min with an increment of 30 sec starting move 1"]
[WhiteFideId "1712276"]
[BlackFideId "1710834"]
[WhiteElo "2111"]
[BlackElo "1923"]

1. Nf3 d5 2. d4 c6 3. c3 Bf5 4. Bf4 h6 5. Qb3 Qb6 6. Nbd2 Nd7 7. h3 Ngf6 8. e3 e6 9. Be2 Be7 10.
O-O O-O 11. Rfc1 Rfc8 12. c4 Qxb3 13. Nxb3 a5 14. c5 Bf8 15. Nbd2 g5 16. Bh2 Bg7 17. Ne5 Nxe5 18. Bxe5 Nd7 19.
Bxg7 Kxg7 20. b3 Re8 21. a3 e5 22. Bf1 exd4 23. exd4 Nf8 24. b4 Ne6 25. Nf3 Be4 26. Nd2 Nxd4 27.
Nxe4 Rxe4 28. Rab1 axb4 29. Rxb4 Rxa3 30. Rxb7 Ne2+ 31. Bxe2 Rxe2 32. Rc7 Raa2 33. Rf1 Re6 34. Rc1 Ree2 35.
Rf1 Re6 36. Rc1 Ra4 37. Rc3 Kg6 38. Rf3 f5 39. Rb3 Rc4 40. g3 Rxc5 41. Rbb7 f4 42. gxf4 gxf4 43. Kg2 Kf5 44. Rf7+ Ke4 45.
f3+ Ke5 46. Rb2 Rc3 47. Kf2 d4 48. Re2+ Re3 49. Rc2 d3 50. Rc4 d2 51. Rd7 Rd6 52. Rxd6 Kxd6 53. Rd4+ Ke5 54. Rxd2 c5 55.
Rd8 Rb3 56. h4 c4 57. Ke2 Rb2+ 58. Kd1 Rf2 59. Rh8 Rxf3 60. Rxh6 Rd3+ 61. Ke2 f3+ 62. Kf2 Kd4 63. Rc6 c3 64.
h5 Rd2+ 65. Kxf3 Rh2 66. h6 Kd3 67. Rd6+ Kc4 68. Rc6+ Kb3 69. Rb6+ Kc2 70. Ke3 Rh3+ 71. Ke4 Kc1 72. Rc6 c2 73.
Kf4 Kb2 74. Rxc2+ Kxc2 75. Kg5 Kd3 76. Kg6 Ke4 77. h7 Ke5 78. Kg7 Rg3+ 79. Kf7 Rf3+ 80. Kg7 Rg3+ 81. Kf7 Rh3 82. Kg7 Rxh7+ 1/2-1/2

[Event "Vetern-SM 50+ 2025"]
[Site "Uppsala, Sweden"]
[Date "2025.07.05"]
[Round "8.7"]
[White "Lundberg, Daniel"]
[Black "Persson, Lars"]
[Result "0-1"]
[TimeControl "90 min for 40 move + 30 min with an increment of 30 sec starting move 1"]
[WhiteFideId "1759264"]
[BlackFideId "1703579"]
[WhiteElo "1838"]
[BlackElo "2041"]

1. Nf3 d6 2. d4 f5 3. g3 Nf6 4. Bg2 g6 5. b3 Bg7 6. Bb2 O-O 7. Nbd2 c6 8. O-O a5 9. c4 a4 10.
Re1 a3 11. Bc3 Ne4 12. Rc1 Nxc3 13. Rxc3 c5 14. Rd3 Nc6 15. dxc5 Nb4 16. cxd6 exd6 17. Qb1 Nxd3 18. Qxd3 Qf6 19. Rb1 Ra6 20. e3 Qc3 21.
Qxc3 Bxc3 22. Rd1 Rb6 23. Nb1 Bb2 24. Nd4 Bxd4 25. Bd5+ Kg7 26. exd4 Ra6 27. Re1 Kf6 28. Nc3 Rd8 29.
Kf1 b6 30. Nb5 Ra5 31. h4 Ba6 32. Nc3 Kg7 33. Kg1 Bc8 34. Nb5 Kh6 35. f4 Ba6 36. Nc3 Bc8 37. Re7 Bd7 38. Bg8 Rxg8 39.
Rxd7 Re8 40. Kf2 Re6 41. Nb5 Kh5 42. Nxd6 h6 43. Nf7 b5 44. c5 Re4 45. Ne5 Ra8 46. c6 Rc8 47. c7 b4 48.
Nc4 Kg4 49. Nb6 Rce8 0-1

[Event "Vetern-SM 50+ 2025"]
[Site "Uppsala, Sweden"]
[Date "2025.07.05"]
[Round "8.8"]
[White "Helin, Mikael"]
[Black "Styf, Josef"]
[Result "0-1"]
[TimeControl "90 min for 40 move + 30 min with an increment of 30 sec starting move 1"]
[WhiteTitle "CM"]
[WhiteFideId "1703838"]
[BlackFideId "1708279"]
[WhiteElo "1929"]
[BlackElo "2024"]

1. e4 d6 2. c4 Nf6 3. Nc3 e5 4. h3 c6 5. Nf3 Be7 6. g3 O-O 7. Bg2 Nbd7 8. a4 a5 9. O-O Re8 10. Rb1 Bf8 11. d4 exd4 12.
Nxd4 Nc5 13. Re1 Nfd7 14. f4 g6 15. Kh2 Qf6 16. Be3 h5 17. Nf3 Nb6 18. Bd4 Qd8 19. b3 Ne6 20. Be3 Nd7 21.
f5 Nec5 22. fxg6 fxg6 23. Nh4 Ne5 24. Rf1 Bg4 25. Qd2 Be6 26. Qe2 Bg7 27. Nf5 gxf5 28. exf5 Bf7 29. Qd2 Ned3 30. Bh6 Qf6 31.
Bxg7 Kxg7 32. Rf3 Ne5 33. Rf4 Rad8 34. Ne2 Ned3 35. Rf3 d5 36. Nf4 dxc4 37. Ne6+ Bxe6 38. fxe6 Qxe6 39. Rbf1 Ne5 40.
Qc3 Rf8 41. Rxf8 Rxf8 42. Rxf8 Kxf8 43. Qxa5 Qd6 44. bxc4 h4 45. Qe1 Nf7 46. a5 Qxg3+ 47. Qxg3 hxg3+ 48. Kxg3 Ne5 49. Bf1 Ke7 50.
Kf4 Kf6 51. Ke3 Nb3 52. a6 bxa6 53. c5 a5 54. Be2 Nxc5 55. Kd4 Ne6+ 56. Kc3 Nf4 57. Bf1 Nd5+ 58. Kb3 Nb6 59. Be2 Kg5 60.
Kc3 c5 61. Kd2 Kh4 62. Bf1 Kg3 63. Ke3 Nbc4+ 64. Ke2 a4 0-1

[Event "Vetern-SM 50+ 2025"]
[Site "Uppsala, Sweden"]
[Date "2025.07.06"]
[Round "9.1"]
[White "Vernersson, Per"]
[Black "Bergfalk, Jonas"]
[Result "1-0"]
[TimeControl "90 min for 40 move + 30 min with an increment of 30 sec starting move 1"]
[WhiteFideId "1700863"]
[BlackFideId "1703986"]
[WhiteElo "2258"]
[BlackElo "2030"]

1. d4 Nf6 2. c4 g6 3. Nc3 d5 4. Bf4 Bg7 5. e3 O-O 6. cxd5 Nxd5 7. Nxd5 Qxd5 8. Bxc7 Nc6 9. Ne2 e5 10.
dxe5 Qxd1+ 11. Rxd1 Nxe5 12. Nd4 Nc6 13. Nxc6 bxc6 14. Rd2 Be6 15. Ba6 Bxa2 16. O-O Be6 17. Bb7 Rab8 18. Bxb8 Rxb8 19.
Bxc6 Rxb2 20. Rxb2 Bxb2 21. Rb1 Bc3 22. e4 Kg7 23. Rb7 a5 24. Bd5 Kf6 25. Bxe6 Kxe6 26. f4 1-0

[Event "Vetern-SM 50+ 2025"]
[Site "Uppsala, Sweden"]
[Date "2025.07.06"]
[Round "9.2"]
[White "Styf, Josef"]
[Black "Gamback, Bjorn"]
[Result "1/2-1/2"]
[TimeControl "90 min for 40 move + 30 min with an increment of 30 sec starting move 1"]
[BlackTitle "CM"]
[WhiteFideId "1708279"]
[BlackFideId "1703161"]
[WhiteElo "2024"]
[BlackElo "1996"]

1. d4 Nf6 2. Nf3 e6 3. e3 c5 4. Bd3 b6 5. Qe2 Bb7 6. Nbd2 cxd4 7. exd4 Be7 8. c3 d6 9. O-O Nbd7 10.
a4 a6 11. Re1 O-O 12. Nf1 Re8 13. Bg5 h6 14. Bh4 Nh5 15. Bxe7 Qxe7 16. g3 Nhf6 17. N1d2 Qd8 18. Ne4 Nxe4 19.
Bxe4 Bxe4 20. Qxe4 Qc7 1/2-1/2

[Event "Vetern-SM 50+ 2025"]
[Site "Uppsala, Sweden"]
[Date "2025.07.06"]
[Round "9.3"]
[White "Olsson, Pether"]
[Black "Johansen, Peter"]
[Result "1-0"]
[TimeControl "90 min for 40 move + 30 min with an increment of 30 sec starting move 1"]
[WhiteFideId "1726820"]
[BlackFideId "1723944"]
[WhiteElo "2160"]
[BlackElo "2104"]

1. d4 d5 2. Bf4 Nf6 3. e3 Nbd7 4. Nd2 e6 5. Bd3 c5 6. c3 b6 7. h3 Bb7 8. Ngf3 Be7 9. Qb1 c4 10.
Bc2 b5 11. O-O O-O 12. Ne5 h6 13. Bh2 Nxe5 14. dxe5 Nd7 15. Nf3 Qb6 16. Nd4 f5 17. Qd1 Nc5 18. Qh5 Bc6 19. Qe2 Be8 20.
g4 g6 21. Kh1 Kh7 22. Rg1 b4 23. cxb4 Qxb4 24. Rab1 Ba4 25. b3 cxb3 26. axb3 Bd7 27. f3 a6 28. Bg3 a5 29. Be1 Qb8 30.
Qh2 Qe8 31. h4 a4 32. b4 Nb7 33. h5 g5 34. f4 Qf7 35. Rf1 Kh8 36. gxf5 exf5 37. fxg5 Bxg5 38. Nxf5 Bb5 39. Bc3 Qc7 40.
Bd4 Rac8 41. e6+ Kg8 42. Nxh6+ Bxh6 43. Rg1+ Bg7 44. Rxg7+ Qxg7 45. Bxg7 Kxg7 46. Qe5+ Kh6 47. Rg1 Rg8 48.
Qf6+ 1-0

[Event "Vetern-SM 50+ 2025"]
[Site "Uppsala, Sweden"]
[Date "2025.07.06"]
[Round "9.4"]
[White "Eriksson, Kristian"]
[Black "Persson, Lars"]
[Result "1/2-1/2"]
[TimeControl "90 min for 40 move + 30 min with an increment of 30 sec starting move 1"]
[WhiteFideId "1705172"]
[BlackFideId "1703579"]
[WhiteElo "1998"]
[BlackElo "2041"]

1. e4 c5 2. Nf3 a6 3. Nc3 d6 4. d4 cxd4 5. Nxd4 e5 6. Nf5 g6 7. Ne3 Nc6 8. Ned5 Bg7 9. Be3 Nd4 10.
Bc4 b5 11. Bb3 Bb7 12. O-O Rc8 13. Qd2 Nf6 14. Bxd4 exd4 15. Qxd4 O-O 16. Qd2 Nxd5 17. Nxd5 Bxb2 18. Rad1 Ba3 1/2-1/2

[Event "Vetern-SM 50+ 2025"]
[Site "Uppsala, Sweden"]
[Date "2025.07.06"]
[Round "9.5"]
[White "Gromark, Jonas"]
[Black "Ljung, Rickard"]
[Result "1/2-1/2"]
[TimeControl "90 min for 40 move + 30 min with an increment of 30 sec starting move 1"]
[WhiteFideId "137122733"]
[BlackFideId "1740156"]
[WhiteElo "1822"]
[BlackElo "1972"]

1. c4 Nf6 2. Nc3 g6 3. e4 d6 4. g3 Bg7 5. Bg2 e5 6. Nge2 O-O 7. O-O Nc6 8. d3 Be6 9. h3 Qd7 10.
Kh2 a6 11. a4 Nb4 12. Nd5 Bxd5 13. cxd5 c6 14. dxc6 bxc6 15. Be3 Rab8 16. d4 Rfd8 17. dxe5 dxe5 18. Qxd7 Rxd7 19. Rfd1 Bf8 20.
Bg5 Rxd1 21. Rxd1 Kg7 22. Be3 Nc2 23. Bc1 Rb4 24. Nc3 Bc5 25. f4 exf4 26. gxf4 Ne3 27. Re1 Nxg2 28. Kxg2 Bd4 29.
e5 Nd5 30. Nxd5 cxd5 31. e6 fxe6 32. Rxe6 Rxa4 33. Rd6 Rc4 34. Rxd5 Rxc1 35. Rxd4 Rc2+ 36. Kf3 Rxb2 37. Rd7+ Kh6 38.
Ra7 Ra2 39. Kg3 a5 40. Kf3 a4 41. Kg3 a3 42. Kf3 Ra1 43. Kg2 a2 44. Kh2 Rf1 45. Rxa2 Rxf4 46. Kg3 Rb4 47. Ra7 g5 48.
Ra6+ Kh5 49. Kg2 g4 50. hxg4+ Rxg4+ 51. Kh3 Rf4 52. Ra5+ 1/2-1/2

[Event "Vetern-SM 50+ 2025"]
[Site "Uppsala, Sweden"]
[Date "2025.07.06"]
[Round "9.6"]
[White "Uneson, Marcus"]
[Black "Brandberg, Joakim"]
[Result "1-0"]
[TimeControl "90 min for 40 move + 30 min with an increment of 30 sec starting move 1"]
[WhiteFideId "1730509"]
[BlackFideId "1712276"]
[WhiteElo "2118"]
[BlackElo "2111"]

1. b3 Nf6 2. Bb2 b6 3. Nf3 Bb7 4. e3 e6 5. Be2 Be7 6. c4 c5 7. O-O O-O 8. d4 d5 9. Ne5 cxd4 10.
exd4 Nbd7 11. Bf3 Qc7 12. Nc3 dxc4 13. Nb5 Qb8 14. Nc6 Bxc6 15. Bxc6 a6 16. Bxa8 Qxa8 17. Ba3 Bxa3 18. Nxa3 cxb3 19.
Qxb3 Nd5 20. Qf3 b5 21. Rac1 Qa7 22. Rfd1 b4 23. Nb1 Qb6 24. Qb3 Qa7 25. g3 h6 26. Rc6 a5 27. Qd3 Ra8 28. Rdc1 Qb7 29. Qc4 N7b6 30.
Qb5 Qa7 31. Kg2 g6 32. Nd2 Rb8 33. Ne4 Kg7 34. Qc5 Rd8 35. Nd6 Qa8 36. Kg1 Qb8 37. Ne4 a4 38. Qb5 Qa7 39. Rd6 Rb8 40.
Nc5 Nc3 41. Qa6 Qc7 42. Rxe6 Nxa2 43. Rce1 b3 44. Re7 Qc6 45. Qa7 Qe8 46. Rxe8 Rxe8 47. Rxe8 Nc4 48. Nxa4 1-0

[Event "Vetern-SM 50+ 2025"]
[Site "Uppsala, Sweden"]
[Date "2025.07.06"]
[Round "9.7"]
[White "Karlsson, Patrik"]
[Black "Ivarsson, Anders"]
[Result "0-1"]
[TimeControl "90 min for 40 move + 30 min with an increment of 30 sec starting move 1"]
[WhiteFideId "1710834"]
[BlackFideId "1768158"]
[WhiteElo "1923"]
[BlackElo "1987"]

1. e4 c5 2. Nf3 a6 3. c4 Nc6 4.
d4 cxd4 5. Nxd4 e5 6. Nc2 Bc5 7. Be3 Bxe3 8. Nxe3 Nd4 9. Nc3 Ne7 10. Bd3 d6 11. O-O O-O 12. Qh5 Be6 13. Rad1 f6 14.
Bb1 Rc8 15. Ncd5 b5 16. cxb5 axb5 17. Nxe7+ Qxe7 18. Nf5 Nxf5 19. exf5 Bf7 20. Qg4 d5 21. Rfe1 Rc4 22. Qh3 b4 23.
Bd3 Rc5 24. f4 e4 25. Qe3 Rfc8 26. Bb1 Bh5 27. Rd4 Qb7 28. a3 bxa3 29. bxa3 Rc3 30. Qd2 Qa7 31. Kh1 e3 32. Qxc3 Rxc3 33. Rxd5 Qc7 34. Ba2 Kf8 0-1

[Event "Vetern-SM 50+ 2025"]
[Site "Uppsala, Sweden"]
[Date "2025.07.06"]
[Round "9.8"]
[White "Svensson, Hakan"]
[Black "Hedin, Niclas"]
[Result "0-1"]
[TimeControl "90 min for 40 move + 30 min with an increment of 30 sec starting move 1"]
[WhiteFideId "1714201"]
[BlackFideId "1720708"]
[WhiteElo "2004"]
[BlackElo "1953"]

1. e4 e6 2. d4 d5 3. e5 c5 4. c3 Nc6 5. Nf3 Nge7 6. Bd3 cxd4 7. cxd4 Nf5 8. Bxf5 exf5 9. Nc3 Be6 10.
O-O Be7 11. Ne1 Qb6 12. Nc2 O-O 13. Rb1 Rac8 14. Re1 Nxe5 15. dxe5 Rxc3 16. Be3 Rxe3 17. Rxe3 d4 18. Nxd4 Rd8 19.
Rd3 Bc4 20. Rd2 Bb4 21. Nf3 Bxd2 22. Nxd2 Qd4 23. Qc1 Bxa2 24. Nf3 Qd3 25. Ra1 a6 26. h3 Bd5 27. Ra3 Qb5 28. Qg5 Re8 29.
Nd4 Qxb2 30. Nxf5 Qxe5 31. Re3 Qa1+ 32. Kh2 Be6 33. Nd6 Rf8 34. Rg3 b5 35. Ne4 Kh8 36. Qe7 Rg8 37. Nd6 Qf6 38.
Qb7 Bc4 39. Ne4 Qe5 40. Ng5 Qf6 41. Ne4 Qf4 42. Qe7 h6 43. h4 Be6 44. Nc5 Qxf2 45. Nxa6 Qf6 46. Qxf6 gxf6 47. Re3 Rg4 48.
g3 Rc4 49. Kg2 b4 50. Re1 Bd5+ 51. Kf2 Bb7 52. Nb8 b3 53. Rb1 Rc3 54. Re1 b2 55. Nd7 Rc1 56. Re8+ Kg7 0-1